[Event "FIDE WSTC Open 50 2025"]
[Site "Prague"]
[Date "2025.02.19"]
[Round "3.15"]
[White "Kuna, Ralf-Michael"]
[Black "Tikzhanov, Yerlan"]
[Result "1-0"]
[Annotator "TA"]
[ECO "C01"]
[WhiteElo "2072"]
[BlackElo "2323"]
[PlyCount "81"]
[EventDate "2025.02.17"]
[EventType "team-tourn"]
[EventCountry "CZE"]
[SourceTitle "playchess.com"]
[Source "ChessBase"]
[SourceQuality "1"]
[TimeControl "40/5400+30:1800+30"]

1. e4 e6 2. d4 d5 3. exd5 exd5 4. Nf3 Nf6 5. Bd3 Bd6 6. Qe2+ Qe7 7. Qxe7+ Kxe7 {[%emt 0:00:10] 7...Kxe7 is setting a new trend.} 8. O-O {[%emt 0:00:39] C01: French: Exchange Variation.} Re8 9. Nc3 c6 10. Bg5 {[%emt 0:02:32] White is slightly better.} (10. Re1+ Kf8 11. Rxe8+ Kxe8 12. Ne5) 10... h6 11. Rfe1+ Be6 12. Bh4 Nbd7 13. Nd1 $146 ({Predecessor:} 13. Ne5 g5 14. Bg3 Nh5 15. Nxd7 Kxd7 16. Bxd6 Kxd6 17. g3 Ng7 18. Re5 f6 19. Re3 {0-1 Harvey,M (2486)-Toropov,P (2308) Titled Tuesday intern op 23rd Jul Late blitz 2024 (7)}) 13... g5 (13... a5 {simplifies} 14. a4 Kf8 15. Bg3 Bxg3 16. hxg3 g6) 14. Bg3 Nh5 15. Ne3 {[%emt 0:02:15] [#]} Nxg3 16. hxg3 Kf6 {[%emt 0:00:34] Repels Nf5} 17. g4 Bf4 18. Nh2 $1 Rh8 19. g3 Bc7 20. Kg2 c5 21. c3 cxd4 22. cxd4 Bb6 {[%emt 0:00:13] [#]} (22... Rad8 $11 {remains equal.}) 23. Nf3 (23. f4 $1 $16) 23... h5 (23... Nb8 $11) 24. Bf5 $1 $14 {[%emt 0:00:44] White is more active.} Nb8 (24... hxg4 $16 25. Bxg4 Rh7) 25. Bxe6 $18 fxe6 26. gxh5 Rxh5 27. Ng4+ {[%emt 0:01:15] A dynamic duo of knights.} Ke7 28. Re2 Nc6 (28... Na6 $16 29. Re5 Bc7) 29. Rae1 Nxd4 30. Nxd4 Bxd4 31. Rxe6+ Kd7 32. Re7+ Kc6 33. R1e6+ Kb5 34. Rxb7+ Bb6 35. Rd7 d4 36. Rd5+ Kc4 37. Red6 {[%emt 0:00:34] Intending Ne5+ and mate.} Kd3 38. a4 {[%emt 0:01:18][%cal Ba2a4,Ba4a5][%mdl 32] a5 is the strong threat.} Re8 $2 (38... Rc8 39. b4 (39. a5 Bc5 $18) 39... Kc3) 39. Nf6 {[%emt 0:01:04][%csl LRe8,LRh5] White is clearly winning.} Rhh8 40. Nxe8 Rxe8 41. a5 {[%emt 0:30:08] Weighted Error Value: White=0.07 (flawless) /Black=0.45  Mistake:       	White=1     	Black=5      Inaccurate:     	---       	Black=2      OK:         	White=10    	Black=13     Best:        	White=6     	Black=1      Strong:       	White=2     	---} 1-0

[Event "FIDE WSTC Open 50 2025"]
[Site "Prague"]
[Date "2025.02.19"]
[Round "3.16"]
[White "Min, Valeriy"]
[Black "Haentsch, Ralf"]
[Result "1/2-1/2"]
[Annotator "TA"]
[ECO "D38"]
[WhiteElo "2273"]
[BlackElo "2087"]
[PlyCount "97"]
[EventDate "2025.02.17"]
[EventType "team-tourn"]
[EventCountry "CZE"]
[SourceTitle "playchess.com"]
[Source "ChessBase"]
[SourceQuality "1"]
[TimeControl "40/5400+30:1800+30"]

1. Nf3 d5 2. d4 Nf6 3. c4 e6 4. Nc3 Bb4 5. Bg5 h6 6. Bxf6 Bxc3+ 7. bxc3 Qxf6 8. Qb3 {[%emt 0:08:32] D38: Queen's Gambit Declined: Ragozin Defence (4 Nf3 Bb4).} c6 9. e3 O-O 10. Ne5 {[%emt 0:01:35] White is slightly better.} Rd8 11. Be2 $146 (11. Bd3 Nd7 12. Nxd7 Rxd7 13. O-O b6 14. a4 Ba6 15. a5 dxc4 16. Bxc4 b5 17. Be2 {1-0 Moroni,L (2460)-Capone,N (2391) Wch U16 Porto Carras 2015 (8)}) 11... Nd7 12. Nxd7 Rxd7 13. O-O Rc7 14. f4 b6 15. Rae1 Ba6 16. Qa4 Bxc4 17. Bxc4 dxc4 18. Qxc4 Qe7 19. e4 Rd8 20. Qa4 (20. f5 $11 {remains equal.}) 20... Qd7 (20... c5 $17 21. Rd1 Rd6) 21. Rd1 $15 c5 22. Qb3 cxd4 23. cxd4 Qc6 $1 24. Qe3 Qa4 25. f5 Qxa2 (25... exf5 $142 26. Qf4 Re7 (26... Rxd4 27. Qxc7 Rxd1 28. Qc8+ Kh7 29. Qxf5+ Kh8 30. Qc8+ Kh7 31. Qf5+ Kg8 32. Qxf7+ Kh8 33. Qf8+ Kh7 34. Qf5+ Kh8 35. Qc8+ Kh7 36. Qf5+ Kh8 37. Qf8+ Kh7 38. Qf5+ $11) 27. exf5 Red7 (27... Qxa2 $2 28. f6 $17)) 26. Rd2 Rc2 27. Rxc2 Qxc2 28. fxe6 fxe6 $17 {[%emt 0:00:44][%mdl 4096] Endgame KQR-KQR. Black is a pawn up.} 29. Rc1 (29. d5 $17 {was called for.}) 29... Qa4 ({Black should play} 29... Qb2 $19 30. d5 Qe5 (30... exd5 31. exd5 Qa2 32. Qe6+ Kh8 33. Rc8 $17) 31. dxe6 Qxe6) 30. d5 exd5 31. exd5 Qd7 32. Rd1 Qd6 33. Qb3 a5 34. h3 Qc5+ 35. Kh1 Rd6 36. Rb1 Qxd5 (36... Rxd5 $2 37. Rd1 (37. Qxb6 $2 {loses.} Rd1+ 38. Rxd1 Qxb6 $19) 37... Kh7 38. Rxd5 $18 (38. Qxd5 Qxd5 39. Rxd5 Kg8 $18)) 37. Qxd5+ Rxd5 38. Rxb6 {[%emt 0:00:05] KR-KR. Black is a pawn up.} h5 39. Ra6 Kf7 40. Kh2 h4 41. Kg1 {[%emt 0:30:44] [#]} g5 (41... Rd1+ $1 $17 42. Kf2 Ra1) 42. Kf2 {[%emt 0:06:28] [#]} (42. g3 $1 $11) 42... Ke7 $1 43. g3 hxg3+ (43... Rf5+ $17 44. Kg2 hxg3) 44. Kxg3 $11 Kd7 45. Kf3 Kc7 46. Ke4 Rb5 47. Kd4 Kb7 48. Rg6 Kc7 (48... a4 $17 {And now ...a3 would win.} 49. Kc3 a3 50. Rg7+ Kc6) 49. Ra6 {[%emt 0:00:00] White happily takes the draw.   Weighted Error Value: White=0.19 (very precise) /Black=0.22 (precise)   Mistake:       	White=3     	Black=6      Inaccurate:     	White=7     	Black=3      OK:         	White=15    	Black=17     Best:        	---       	Black=2      Strong:       	---       	Black=2} 1/2-1/2

[Event "FIDE WSTC Open 50 2025"]
[Site "Prague"]
[Date "2025.02.19"]
[Round "3.18"]
[White "Farrell, Neil"]
[Black "Mrva, Martin"]
[Result "0-1"]
[Annotator "TA"]
[ECO "E71"]
[WhiteElo "2116"]
[BlackElo "2394"]
[PlyCount "82"]
[EventDate "2025.02.17"]
[EventType "team-tourn"]
[EventCountry "CZE"]
[SourceTitle "playchess.com"]
[Source "ChessBase"]
[SourceQuality "1"]
[TimeControl "40/5400+30:1800+30"]

1. d4 Nf6 2. c4 g6 3. Nc3 Bg7 4. e4 d6 5. h3 O-O 6. Be3 e5 {[%emt 0:01:31] 6...Nc6 is more advanced technology.} 7. d5 Na6 8. g4 {[%emt 0:01:00] E71: King's Indian: 4 e4 d6 5 h3.} Nc5 9. f3 Nfd7 10. h4 {[%emt 0:05:31] White is better.} f5 $146 (10... h6 11. Qd2 Qe7 12. Bxh6 c6 13. O-O-O Kh7 14. h5 Rh8 15. Be3 Kg8 16. h6 cxd5 17. Nxd5 {1-0 Stefanou,K (2042)-Michos,M (1086) GRE-chT 48th 2021 (1.5)}) 11. g5 a5 12. Qd2 a4 (12... Na6 $11) 13. O-O-O $14 c6 14. h5 f4 15. Bxc5 Nxc5 {[%emt 0:01:33] [#]} 16. dxc6 $1 {[%emt 0:03:42] and h6 would now be decisive} bxc6 17. h6 (17. Qxd6 $16 Qa5 18. hxg6 (18. Qxc6 a3 $15)) 17... Bh8 $11 18. Bh3 (18. Qxd6 $11 Qa5 19. Qxc6) 18... a3 (18... Qxg5 $2 19. Qxd6 Nb7 20. Qxc6 $18) (18... Qb6 $1 $15) 19. b3 Qa5 (19... Qxg5 20. Bxc8 Raxc8 (20... Rfxc8 21. Qxd6 Nb7 22. Qe6+ Kf8 23. Nh3 $14) 21. Qxd6) 20. Nge2 Bxh3 21. Rxh3 Rfd8 {[%emt 0:00:09] White must now prevent ...Rab8.} (21... Rab8 {is interesting.} 22. Kc2 Qb6 23. Rh2 Rfd8) 22. Rhh1 Qb4 23. Qc2 Ne6 24. Rd3 {[%emt 0:01:32] This move loses the game for White.} ({White must play} 24. Rhg1 $15) 24... Nxg5 $19 {[%emt 0:00:55] Black has a king side majority} 25. Kb1 Ne6 26. Qd2 (26. Nd1 $17 {was worth a try.}) 26... Rab8 27. Rd1 Qxc4 28. Rxd6 $2 {[%emt 0:00:40] [#]} (28. Ka1 Qc5 29. Na4) 28... Rxb3+ $1 29. Ka1 (29. axb3 Qxb3+) 29... Rxd6 30. Qxd6 Rxc3 31. Qb8+ Nf8 32. Nxc3 Qxc3+ 33. Kb1 Bf6 34. Qb7 Qxf3 35. Rd6 Qxe4+ 36. Kc1 Qe1+ 37. Kc2 Qe2+ 38. Kb1 {[%emt 0:01:04] [#]} Be7 $1 {[%emt 0:01:25] ( -> ...f3)} 39. Qb3+ Kh8 40. Rxc6 Qe4+ (40... f3 $142 41. Rc1 f2 42. Qc3 Bg5 (42... f1=B $2 43. Re1 $19) (42... f1=Q $2 43. Rxf1 Qxf1+ 44. Kc2 $19) 43. Qxa3 Qb5+ (43... f1=Q $2 44. Rxf1 Qxf1+ 45. Kc2 $19) (43... Bxh6 $2 44. Qc5 $19) 44. Qb2 Qxb2+ (44... f1=Q $2 45. Rxf1 Qxf1+ 46. Kc2 $19) 45. Kxb2 Bxc1+ 46. Kxc1 f1=Q+ (46... f1=B $2 47. Kd2 $19) 47. Kd2 Qc4 48. Ke3 Ne6 (48... Qxa2 {gets mated.} 49. Ke4 Qc4+ 50. Ke3 Ne6 51. Kf2 Qc2+ 52. Kg3 Ng5 53. Kh4 Qh2+ 54. Kxg5 Qf4#) 49. Kf3 Nf4 (49... Qxa2 50. Ke4 Qd2 51. Kxe5 Nc5 52. Kf6 Qd6+ 53. Kf7 Qe6+ 54. Kf8 Nd7#) 50. Kg3 Qf1 (50... Qxa2 51. Kh4 Qf2+ 52. Kg5 Nh5 53. Kg4 Qg3#) 51. Kh4 Qg1 52. a4 g5#) 41. Rc2 f3 {[%emt 0:30:59] Weighted Error Value: White=1.00/Black=0.36  Mistake:       	White=5     	Black=2      Inaccurate:     	White=2     	Black=2      OK:         	White=4     	Black=3      Best:        	---       	Black=3      Strong:       	White=1     	---} 0-1

[Event "FIDE WSTC Open 50 2025"]
[Site "Prague"]
[Date "2025.02.19"]
[Round "3.19"]
[White "Stohl, Igor"]
[Black "Neave, George"]
[Result "1-0"]
[Annotator "TA"]
[ECO "E73"]
[WhiteElo "2409"]
[BlackElo "2074"]
[PlyCount "55"]
[EventDate "2025.02.17"]
[EventType "team-tourn"]
[EventCountry "CZE"]
[SourceTitle "playchess.com"]
[Source "ChessBase"]
[SourceQuality "1"]
[TimeControl "40/5400+30:1800+30"]

1. d4 Nf6 2. c4 g6 3. Nc3 Bg7 4. e4 d6 5. Be2 O-O 6. Be3 e5 7. d5 Na6 8. h4 Nc5 {[%emt 0:00:58] E73: King's Indian: Averbakh Variation without 6...c5.} 9. Qc2 c6 10. h5 Bd7 {[%emt 0:09:21] The position is equal.} 11. h6 Bh8 12. b4 Na6 13. a3 $36 {[%emt 0:11:22][%mdl 2048] White is more active.} cxd5 14. cxd5 Ne8 $146 (14... Rc8 15. Rc1 Nc7 16. Qd2 a6 17. a4 Na8 18. a5 Nc7 19. Nh3 Nb5 20. Nxb5 Rxc1+ 21. Qxc1 Bxb5 22. Bxb5 axb5 {0-1 Urazayev,A (2420)-Shomoev,A (2575) Cheliabinsk Variation-A 2022 (9)}) 15. g4 f5 ({Better is} 15... Bf6) 16. gxf5 $16 gxf5 17. Nf3 {[%emt 0:06:49] [#] and Rg1+ should not be overlooked} Bf6 18. exf5 {[%emt 0:02:43] White has more active pieces.} e4 $2 {[%emt 0:01:17] A mistake that costs the game.} (18... Kh8 $16 19. O-O-O Rc8) 19. Nd4 $18 Rc8 20. Qd2 Bxf5 {[%emt 0:00:51] [#]} (20... Qe7 21. Rg1+ Kh8) 21. Rc1 ({Not} 21. Nxf5 Rxc3 22. Bd4 (22. Bxa7 Rc8 $18) 22... Rc8 23. Rg1+ Kh8 $18) 21... Bd7 22. Nxe4 Rxc1+ 23. Qxc1 Be7 (23... Nac7 24. Rg1+ Kh8) 24. Rg1+ Kh8 25. Ne6 Bxe6 26. Bd4+ Nf6 27. dxe6 Nc7 28. Ng5 {[%emt 0:01:06] Weighted Error Value: White=0.09 (flawless) /Black=1.25  Loses game:     	---       	Black=1      Mistake:       	---       	Black=3      Inaccurate:     	---       	Black=1      OK:         	White=8     	Black=7      Best:        	White=1     	Black=1} 1-0

[Event "FIDE WSTC Open 50 2025"]
[Site "Prague"]
[Date "2025.02.19"]
[Round "3.20"]
[White "Robertson, Ian C."]
[Black "Motuz, Karol"]
[Result "1/2-1/2"]
[Annotator "TA"]
[ECO "A46"]
[WhiteElo "2064"]
[BlackElo "2293"]
[PlyCount "43"]
[EventDate "2025.02.17"]
[EventType "team-tourn"]
[EventCountry "CZE"]
[SourceTitle "playchess.com"]
[Source "ChessBase"]
[SourceQuality "1"]
[TimeControl "40/5400+30:1800+30"]

1. d4 Nf6 2. Nf3 e6 3. e3 Be7 4. Bd3 b6 5. c4 Bb7 6. Nc3 c5 7. O-O cxd4 8. exd4 O-O 9. d5 h6 10. Bf4 {[%emt 0:15:35] E14: Queen's Indian: Classical Variation (4 e3).} exd5 11. Nxd5 Nxd5 12. cxd5 {[%emt 0:00:10] The position is equal.} d6 $146 (12... Bxd5 $11 13. Rc1 Be6) (12... Bxd5 13. Bh7+ Kxh7 14. Qxd5 Nc6 15. Rad1 Kg8 16. a3 Bf6 17. b4 Ne7 18. Qxd7 Qxd7 19. Rxd7 {1-0 Boyer,M (2463)-Bassini,E (2373) FRA-ch U20 Agen 2023 (9)}) 13. Re1 Nd7 14. Bb5 {[%emt 0:17:12] White has more active pieces.} Ne5 15. Nxe5 $16 dxe5 16. Bxe5 (16. Rxe5 Bd6 17. Rf5 g6 (17... Bxf4 18. Rxf4 Qxd5 19. Qxd5 $11) 18. Bxd6 Qxd6 $11) 16... Bxd5 (16... Bd6 $16 {keeps fighting.} 17. Qd4 Bxe5 18. Rxe5 Qd6) 17. Qg4 $18 {[%emt 0:02:50][%csl Ge5][%cal Rg4g7] [#]} Bf6 18. Rad1 {[%emt 0:01:58][%cal Od1d5] Rxd5! is the strong threat.} Be6 19. Qa4 ({Stronger than} 19. Rxd8 Bxg4 20. Rxa8 Rxa8 $11) 19... Qc8 20. Bxf6 gxf6 21. Qf4 Qc5 {[%emt 0:02:07] [#]} 22. Bd3 $2 {[%emt 0:02:34] Weighted Error Value: White=0.23 (precise) /Black=0.45  Missed win:     	White=1     	---        Mistake:       	---       	Black=3      Inaccurate:     	White=2     	Black=1      OK:         	White=2     	Black=3      Best:        	White=3     	Black=1} (22. Re3 $1 $18 Qxb5 23. Qxh6) 1/2-1/2

[Event "FIDE WSTC Open 50 2025"]
[Site "Prague"]
[Date "2025.02.19"]
[Round "3.26"]
[White "Svensson, Bengt"]
[Black "Folkova, Martina"]
[Result "1/2-1/2"]
[Annotator "TA"]
[ECO "C84"]
[WhiteElo "2297"]
[BlackElo "2031"]
[PlyCount "83"]
[EventDate "2025.02.17"]
[EventType "team-tourn"]
[EventCountry "CZE"]
[SourceTitle "playchess.com"]
[Source "ChessBase"]
[SourceQuality "1"]
[TimeControl "40/5400+30:1800+30"]

1. e4 e5 2. Nf3 Nc6 3. Bb5 a6 4. Ba4 Nf6 5. O-O Be7 6. d3 b5 7. Bb3 d6 8. c3 O-O 9. Nbd2 Na5 10. Bc2 c5 11. Re1 Nc6 12. Nf1 Re8 13. Ng3 Bf8 14. h3 h6 15. d4 exd4 16. cxd4 cxd4 17. Nxd4 {[%emt 0:00:35] C90: Closed Ruy Lopez with 7...d6: Early deviations.} Nxd4 18. Qxd4 Qc7 19. Bb3 {[%emt 0:11:14][%cal Oc1h6] White is slightly better.} d5 20. e5 (20. Bxd5 Nxd5 21. Qxd5 Bb7 $11) (20. Bxh6 Bc5 $11) 20... Bc5 21. Qf4 {[%emt 0:03:03] aiming for Bd2.} (21. Qc3 $5 d4 22. Qd3 $14 (22. Qf3 Bb7 $11)) 21... Bd6 $1 22. Qh4 $146 (22. exd6 $2 Rxe1+ 23. Nf1 Qc6 $19) (22. Ne4 $1 $11 Bxe5 23. Nxf6+ gxf6 24. Qd2 (24. Qxh6 Bh2+ 25. Kf1 Bf5 $11) (24. Bxd5 Bxf4 25. Rxe8+ Kg7 $17)) (22. Ne4 Bxe5 23. Nxf6+ gxf6 24. Qf3 Bh2+ 25. Kf1 Rxe1+ 26. Kxe1 Qe5+ 27. Be3 Bf5 28. Rd1 {1-0 Bosboom,M (2425)-Ernst,S (2517) Dieren op 2004 (4)}) 22... Bxe5 $17 23. Bxh6 gxh6 24. Qxh6 Re6 (24... Bxb2 $6 25. Nh5 Ne4 (25... Bxa1 26. Qg7#) (25... Rxe1+ $2 26. Rxe1 Ne4 27. Bxd5 $18) 26. Bxd5 $11) (24... Nh7 $1 $17 25. Bxd5 Bb7 26. Qg6+ Kh8 27. Bxf7 Re7) 25. Nf5 $2 (25. Qg5+ $1 $11 {and White is okay.} Kf8 26. Nf5) 25... Ne4 (25... Bxb2 26. Qg7#) 26. Qh4 {[%emt 0:01:58] [#]} Bb7 (26... Bxb2 27. Bxd5 Bxa1 28. Bxe6 Bxe6 29. Qxe4 $18) 27. Rxe4 dxe4 (27... Bh2+ 28. Kh1 Rxe4 29. Qg5+ Kf8 30. Qg7+ Ke8 31. Qg8+ Kd7 32. Qxf7+ Kd8 33. Qf6+ (33. Bxd5 $2 Qxf7 34. Bxf7 Be5 $19) 33... Kc8 34. g3 Bxg3 35. Nxg3) 28. Qg5+ {[#]} Kf8 $1 29. Bxe6 fxe6 30. Qh6+ Bg7 31. Qxe6 Re8 32. Nxg7 (32. Qb3 $17 {was called for.}) 32... Qxg7 $19 (32... Rxe6 $2 33. Nxe6+ Ke7 34. Nxc7 $18) 33. Qd6+ Kg8 34. Kh1 e3 (34... Qxb2 35. Qg6+ Kf8 36. Qf5+ Kg8 (36... Ke7 37. Rd1 $11) 37. Qg6+ Kf8 38. Qf5+ Ke7 39. Rd1 $11) 35. f3 e2 {[%emt 0:00:35][%cal Ob7f3] ( -> ...Bxf3!)} (35... Qxb2 36. Qg6+ Kf8 37. Qf5+ Kg7 38. Qd7+ Kf6 39. Rd1 $15) 36. Re1 Qe5 $2 ({Worse is} 36... Qxb2 37. Qg6+ Kf8 38. Qf5+ Ke7 39. Qh7+ Kf8 40. Qf5+ Ke7 41. Qh7+ Ke6 42. Qxb7 $11) ({Black should play} 36... Qg5 $17 {and ...Bd5 would now be decisive} 37. Qd3 Re3) 37. Qg6+ $11 {The position is equal.} Kf8 38. Rxe2 $1 Qxe2 39. Qf6+ Kg8 40. Qg6+ Kh8 41. Qh6+ Kg8 42. Qg6+ {And White is the lucky defender.   Weighted Error Value: White=0.30/Black=0.28 (precise)   Loses game:     	White=1     	---        Mistake:       	White=2     	Black=2      Inaccurate:     	White=1     	---        OK:         	White=5     	Black=7      Best:        	White=10    	Black=3      Strong:       	White=1     	Black=2} 1/2-1/2

[Event "FIDE WSTC Open 50 2025"]
[Site "Prague"]
[Date "2025.02.19"]
[Round "3.27"]
[White "Kubikova, Hana"]
[Black "Svenn, Gosta"]
[Result "0-1"]
[Annotator "TA"]
[ECO "A96"]
[WhiteElo "2070"]
[BlackElo "2290"]
[PlyCount "82"]
[EventDate "2025.02.17"]
[EventType "team-tourn"]
[EventCountry "CZE"]
[SourceTitle "playchess.com"]
[Source "ChessBase"]
[SourceQuality "1"]
[TimeControl "40/5400+30:1800+30"]

1. d4 e6 2. Nf3 f5 3. c4 Nf6 4. g3 Be7 5. Bg2 O-O 6. O-O d6 7. Nc3 Ne4 8. Qc2 Nxc3 9. Qxc3 a5 {[%emt 0:00:18] A96: Classical Dutch: Fluid Systems: Early deviations.} 10. b3 Bf6 11. Bb2 Qe7 $146 {[%emt 0:02:46] The position is equal.} (11... Nc6 12. Rad1 Qe7 13. Rfe1 e5 14. dxe5 dxe5 15. e4 fxe4 16. Rxe4 Bf5 17. Re3 e4 18. Qc1 Bg4 19. Rde1 Qf7 20. Nd2 Bxb2 21. Qxb2 Qxf2+ 22. Kh1 Bf3 23. Nxf3 Qxb2 {0-1 Wagner,D (2581)-Azarov,S (2604) Titled Tuesday intern op 01st Dec blitz 2020 (6)}) 12. Qc2 e5 13. dxe5 dxe5 14. e4 f4 15. gxf4 exf4 16. e5 {[%emt 0:00:16][%csl Oe5] White has a strong passed pawn} Bh4 17. Qd2 (17. Qc3 $16) 17... Ra6 {[%emt 0:06:40] [#]} 18. Ba3 Qxa3 $17 19. Nxh4 Qe7 20. Bd5+ (20. Nf3 $17) 20... Kh8 $19 21. Nf3 Rh6 22. Rfe1 (22. Kh1 $142) 22... Bg4 ({Black should play} 22... c6 $19 23. e6 (23. Be4 Na6 $17) 23... cxd5 24. cxd5 b6) 23. Qc3 $2 (23. Bxb7 $2 c6 24. Qd3 Qxb7 $19) (23. e6 $17) 23... Nd7 (23... c6 $19 {is more deadly.} 24. Be4 Nd7 25. Qxa5 Nc5) 24. e6 $17 Nc5 $36 {[%emt 0:01:56][%mdl 2048] [#] Black is really pushing.} (24... Bxe6 $6 25. Bxe6 Rxe6 26. Qxa5 $11) 25. Re5 $2 (25. Ne5 $17 {was forced.} Bxe6 26. Bg2) 25... Rg6 (25... Bxe6 26. Rae1 $11) (25... Nxe6 26. Ng5 $17) 26. Kf1 c6 ({And not} 26... Bxe6 27. Bxe6 Rxe6 (27... Nxe6 28. Qxa5 h6 29. Rae1 $14) 28. Rae1 $14) (26... Nxe6 27. Be4 Rh6 (27... Bh3+ 28. Ke1 $17) 28. Re1 $17) 27. Rd1 $2 (27. Rae1 cxd5 28. cxd5) 27... cxd5 $19 28. cxd5 {[%emt 0:00:19][%cal Od5d6] Strongly threatening d6!.} Qd6 29. e7 Bh3+ 30. Ke1 Re8 31. Rd4 Rxe7 32. Rxf4 h6 33. Kd2 Rxe5 34. Nxe5 Qxd5+ 35. Kc2 (35. Rd4 $142 Ne4+ (35... Qxe5 $2 {too greedy.} 36. Rd8+ Kh7 37. Qxe5 $18) 36. Ke3 Nxc3 (36... Qxe5 $2 37. Rd8+ Kh7 38. Qxe5 $18) 37. Nxg6+ Kh7 38. Rxd5 Nxd5+ 39. Kd4) 35... Rf6 (35... Re6 $142 36. Qxh3 Rxe5 (36... Qxe5 $2 37. Rf8+ Kh7 38. Qf5+ Qxf5+ 39. Rxf5 $19)) 36. Rxf6 gxf6 37. Qxh3 Qxe5 38. Qxh6+ Kg8 39. Qg6+ Kf8 {[%emt 0:00:10] ...Qe2+ would now be deadly.} 40. Qh6+ Ke7 41. f4 $2 (41. Qe3) 41... Qe4+ {[%emt 0:07:45] Weighted Error Value: White=0.87/Black=0.53  Loses game:     	White=2     	---        Missed win:     	---       	Black=1      Mistake:       	White=7     	Black=3      Inaccurate:     	White=1     	Black=1      OK:         	White=8     	Black=7      Best:        	White=4     	Black=4} (41... Qe2+ $142 42. Kc3 Ke6 (42... Qxa2 $2 43. Qg7+ Ke6 44. Qg8+ Kd6 45. Qf8+ Kc6 46. Qxf6+ Kb5 47. Qf7 $19)) 0-1

[Event "FIDE WSTC Open 50 2025"]
[Site "Prague"]
[Date "2025.02.19"]
[Round "3.28"]
[White "Wengholm, Anders"]
[Black "Svobodova, Michaela"]
[Result "1-0"]
[Annotator "TA"]
[ECO "A06"]
[WhiteElo "2132"]
[BlackElo "2048"]
[PlyCount "85"]
[EventDate "2025.02.17"]
[EventType "team-tourn"]
[EventCountry "CZE"]
[SourceTitle "playchess.com"]
[Source "ChessBase"]
[SourceQuality "1"]
[TimeControl "40/5400+30:1800+30"]

1. Nf3 d5 2. g3 Nf6 3. Bg2 Bg4 4. O-O Nbd7 5. h3 Bh5 6. d3 {[%emt 0:10:35] A07: Réti Opening: New York and Capablanca Systems.} e5 7. Qe1 Be7 8. e4 {[%emt 0:01:27] The position is equal.} dxe4 9. dxe4 O-O 10. a4 $146 ({Predecessor:} 10. Nh4 Re8 11. Nf5 Bf8 12. a4 a5 13. Na3 Bb4 14. Qe3 c6 15. Nc4 Qc7 16. Bd2 Bxd2 17. Qxd2 {1-0 Adam,R (2120)-Tanaka,T (2270) Montreal Pere Noel op 2023 (5)}) 10... a5 11. Bd2 c6 12. Bc3 (12. Nh4 $142) 12... Qc7 13. Nh4 Rfe8 14. Na3 b6 15. Nc4 Rad8 16. Kh1 Bc5 17. f3 Bg6 18. Rd1 Kh8 19. Rd3 Nh5 20. Kh2 {[%emt 0:00:35] White is more active.} f6 21. Nxg6+ hxg6 22. Qd2 Nf8 23. Rd1 Rxd3 24. Qxd3 Bf2 25. Be1 Bxe1 26. Rxe1 Ne6 27. Qe2 b5 28. axb5 (28. Na3 $14) 28... cxb5 $11 29. Ne3 Nd4 30. Qf2 b4 {[%emt 0:04:12] [#]} 31. c3 $1 bxc3 {[%emt 0:01:14] White must now prevent ...c2.} 32. Nd5 $1 Qc4 (32... Qc5 $11 {keeps the balance.} 33. bxc3 Ne6 34. Qxc5 Nxc5) 33. bxc3 $16 Nb5 {[%emt 0:01:08][%mdl 8192] This costs Black the game.} (33... Nb3 $16) 34. Bf1 $18 Qb3 35. Bxb5 Qxb5 36. Nc7 $1 Qd7 37. Nxe8 Qxe8 {[%emt 0:00:02][%mdl 4096] Endgame KQR-KQN} 38. Qe2 Qc6 39. Qd3 a4 40. Rb1 {[%emt 0:01:00] [#] And now Rb8+ would win.} Qc5 41. Kg2 {[%emt 0:31:24] Prevents Qf2+} a3 (41... Qf8 $18 42. c4 Kh7) 42. Rb8+ Kh7 43. Qd5 {[%emt 0:00:07] Weighted Error Value: White=0.12 (very precise) /Black=0.53  Loses game:     	---       	Black=1      Mistake:       	White=2     	Black=2      Inaccurate:     	White=3     	Black=5      OK:         	White=11    	Black=10     Best:        	White=5     	---} (43. Qd8 $142 Qc8 44. Rxc8 (44. Qxc8 g5 45. Qf5+ g6 46. Qc8 Nf4+ 47. gxf4 Kg7 48. Qg8+ Kh6 49. Qh8#) 44... g5 45. Qe8 Kh6 46. Qf7 (46. Qh8+ Kg6 47. g4 Nf4+ 48. Kh2 a2 49. Rc7 a1=Q 50. Rxg7#) 46... Nf4+ 47. gxf4 gxf4 48. Rh8+ Kg5 49. Qxg7#) 1-0